 Dungeon Crawl Stone Soup version 0.30-a0-364-gf6b3ef1049 (webtiles) character file.

Game seed: 4401770316807153846

87 Devinter the Sneak (level 4, -7/29 HPs)
             Began as a Kobold Monk on Nov 16, 2022.
             Mangled by an iguana (10 damage)
             ... on level 4 of the Dungeon.
             The game lasted 00:10:10 (1176 turns).

Devinter the Sneak (Kobold Monk)                    Turns: 1176, Time: 00:10:10

Health: -7/29      AC:  4    Str:  8    XL:     4   Next: 80%
Magic:  4/4        EV: 17    Int: 11    God:
Gold:   50         SH:  0    Dex: 19    Spells: 3/3 levels left

rFire   . . .      SeeInvis .    j - +0 rapier
rCold   . . .      Faith    .    (no shield)
rNeg    . . .      Spirit   .    b - +0 robe
rPois   +          Reflect  .    (no helmet)
rElec   .          Harm     .    o - +1 cloak
rCorr   .          Rampage  .    (no gloves)
Will    .....                    (no boots)
Stlth   ++++......               (no amulet)
HPRegen 0.24/turn                h - ring of poison resistance
MPRegen 0.09/turn                (no ring)

@: no status effects
A: small, no large weapons, nightstalker 3
a: no special abilities


You were on level 4 of the Dungeon.
You visited 1 branch of the dungeon, and saw 3 of its levels.

You collected 50 gold pieces.

Inventory:

Hand Weapons
 j - a +0 rapier (weapon)
Armour
 b - a +0 robe (worn)
 o - a +1 cloak (worn)
Jewellery
 h - a ring of poison resistance (left hand)
Scrolls
 a - 3 scrolls of identify {unknown}
 d - 2 scrolls of teleportation {unknown}
 f - a scroll of poison {unknown}
 g - a scroll of silence {unknown}
 k - a scroll of enchant armour {unknown}
 m - a scroll of amnesia {unknown}
 q - a scroll of butterflies {unknown}
 r - a scroll of torment {unknown}
 s - a scroll of fear {unknown}
 t - 2 scrolls of noise {unknown}
Potions
 c - a potion of ambrosia
 e - a potion of curing {unknown}
 i - a potion of might {unknown}
 l - a potion of mutation {unknown}
 n - a potion of haste {unknown}
 p - a potion of lignification {unknown}


   Skills:
 + Level 3.9 Fighting
 + Level 4.5 Short Blades
 + Level 4.3 Dodging
 * Level 4.7 Stealth


You had 3 spell levels left.
You didn't know any spells.
Your spell library was empty.

Dungeon Overview and Level Annotations

Branches:
Dungeon (2/15)

Altars:


Innate Abilities, Weirdness & Mutations

You are small and have problems with some larger weapons.
You are completely attuned to the shadows.


Message History

An iguana comes into view.
You closely miss the iguana.
The iguana hisses angrily.
The iguana bites you.
You hit the iguana.
The iguana is lightly wounded.
The iguana closely misses you.
You barely miss the iguana.
The iguana is lightly wounded.
The iguana closely misses you.
You hit the iguana.
The iguana is moderately wounded.
The iguana barely misses you.
You hit the iguana.
The iguana is moderately wounded.
The iguana bites you.
You closely miss the iguana.
The iguana is moderately wounded.
The iguana bites you but does no damage.
You hit the iguana.
The iguana is moderately wounded.
The iguana bites you!
* * * LOW HITPOINT WARNING * * *
You hit the iguana but do no damage.
The iguana is moderately wounded.
The iguana closely misses you.
You barely miss the iguana.
The iguana is moderately wounded.
The iguana completely misses you.
You hit the iguana.
The iguana is heavily wounded.
The iguana closely misses you.
You barely miss the iguana.
The iguana is heavily wounded.
The iguana bites you!
* * * LOW HITPOINT WARNING * * *
You hit the iguana.
The iguana is heavily wounded.
The iguana bites you!
You die...

#.......# #.# ..
#.[.....#####.#
##...........#.#..
#......# #...>....
#......####..#.###.
#........##..#...
##.....#.##.†#<..#
#.....+.....#...#
#...@.####....
#....l# #.....
###+### ...... ....


You could see an iguana.

Vanquished Creatures
  An orc priest (D:4)
  4 worms (D:2)
  A dart slug (D:1)
  A bat (D:1)
  7 endoplasms
  2 giant cockroaches
  2 goblins (D:2)
  3 hobgoblins
  2 jackals (D:2)
  A quokka (D:1)
  5 ball pythons
  5 kobolds
  8 rats
42 creatures vanquished.

Notes
Turn   | Place    | Note
-------+----------+-------------------------------------------
     0 | D:1      | Devinter the Kobold Monk began the quest for the Orb.
     0 | D:1      | Reached XP level 1. HP: 14/14 MP: 1/1
    99 | D:1      | Reached skill level 3 in Stealth
   161 | D:1      | Reached XP level 2. HP: 19/19 MP: 2/2
   433 | D:1      | Found a faded altar of an unknown god.
   597 | D:2      | Reached XP level 3. HP: 23/23 MP: 3/3
   654 | D:2      | Reached skill level 4 in Dodging
   697 | D:2      | Reached skill level 4 in Stealth
   993 | D:2      | Reached XP level 4. HP: 29/29 MP: 4/4
  1081 | D:2      | You fall into a shaft and drop 2 floors!
  1176 | D:4      | Mangled by an iguana

Illustrated notes

Levels and vault maps discovered:
D:1:      lemuel_arrival_room, layout_basic, ebering_ecumenical_altar_ruins
D:2:      layout_loops_cross
D:4:      gammafunk_wand_slinger, layout_basic

Skill      XL: |  1  2  3 |
---------------+----------+-----
Stealth        | 3 4 |  4.7
Dodging        | 4 |  4.3
Fighting       | |  3.9
Short Blades   | |  4.5

Action                   |  1- 3 |  4- 6 || total
-------------------------+-------+-------++-------
Melee: Short sword       |    18 |       ||    18
       Rapier            |    46 |    37 ||    83
       Punch             |       |     1 ||     1
 Stab: Sleeping          |    20 |     5 ||    25
Armor: Robe              |     4 |     1 ||     5
Dodge: Dodged            |    35 |    18 ||    53

Table legend: (Time is in decaauts)
 A = Elapsed time spent in this place.
 B = Non-inter-level travel time spent in this place.
 C = Inter-level travel time spent in this place.
 D = Time resting spent in this place.
 E = Time spent auto-exploring this place.
 F = Levels seen in this place.
 G = Mean time per level.
                   A        B        C        D        E       F      G
               +--------+--------+--------+--------+--------+-----+--------+
         Total |   1170 |   1146 |     24 |     30 |    164 |   3 |  390.0 |
       Dungeon |   1170 |   1146 |     24 |     30 |    164 |   3 |  390.0 |
               +--------+--------+--------+--------+--------+-----+--------+

Top non-repeatable levels by time:
     D:1: 589 daAuts
     D:2: 486 daAuts
     D:4: 94 daAuts
